 Dungeon Crawl Stone Soup version 0.31.0-12-g77e489cdc1 (webtiles) character file.

Game seed: 9247638815226430777

560 Cheops the Changeling (level 7, -1/43 HPs)
             Began as an Octopode Shapeshifter on Feb 29, 2024.
             Slain by an ice beast (2 damage)
             ... on level 5 of the Dungeon.
             The game lasted 00:18:02 (4357 turns).

Cheops the Changeling (Octopode Shapeshifter)       Turns: 4357, Time: 00:18:03

Health: -1/43      AC:  3    Str: 16    XL:     7   Next: 31%
Magic:  7/7        EV: 17    Int: 12    God:
Gold:   179        SH:  0    Dex: 11    Spells: 6/6 levels left

rFire   + .          .
                       - Unarmed
rCold   + . .        (shield currently unavailable)
rNeg    . . .        (helmet restricted)
rPois   +            (no amulet)
rElec   +            (no ring)
rCorr   +            (no ring)
SInv    .            (no ring)
Will    .....        (no ring)
Stlth   +            (no ring)
HPRegen 0.27/turn    (no ring)
MPRegen 0.10/turn    (no ring)
                     (no ring)

%: clarity
@: flux-form, resistant, glowing
A: glow, contaminating, almost no armour, amphibious, 8 rings, camouflage 1,
gelatinous body 1, (nimble swimmer 1), tentacles, iridescent scales 1, clarity,
inability to read after injury 1
a: Begin Untransformation


You were on level 5 of the Dungeon.
You were something dangerously unstable.
You visited 2 branches of the dungeon, and saw 6 of its levels.

You collected 179 gold pieces.

Inventory:

Armour
 j - a +0 buckler
Talismans
 b - a beast talisman
 c - a flux talisman (active)
Wands
 n - a wand of flame (10)
Scrolls
 h - a scroll of teleportation {unknown}
 i - 3 scrolls of poison {unknown}
 k - a scroll of enchant armour {unknown}
 l - a scroll of enchant weapon {unknown}
 o - a scroll of acquirement {unknown}
 p - a scroll of vulnerability {unknown}
 q - a scroll of immolation {unknown}
Potions
 a - a potion of lignification
 d - a potion of attraction
 e - a potion of haste
 f - a potion of enlightenment
 g - a potion of berserk rage


   Skills:
 - Level 1.0 Fighting
 - Level 2.0 Dodging
 + Level 3.7 Unarmed Combat
 - Level 2.0 Evocations
 - Level 7.0 Shapeshifting


You had 6 spell levels left.
You didn't know any spells.
Your spell library was empty.

Dungeon Overview and Level Annotations

Branches:
Dungeon (5/15)             Temple (1/1) D:4

Altars:
Ashenzari
Dithmenos
Elyvilon
Kikubaaqudgha
Makhleb
Nemelex Xobeh
Ru
Sif Muna
Trog
Wu Jian
Xom
Zin
The Shining One

Shops:
D:1 [   D:2 [(:((


Innate Abilities, Weirdness & Mutations

You are something dangerously unstable.
You glow with magical radiation, making you easy to see and hit.
Foes you strike become dangerously contaminated with magical radiation.
You are incapable of wielding weapons or throwing items.
You cannot wear most types of armour.
You are amphibious.
You can wear up to eight rings at the same time.
Your skin changes colour to match your surroundings (Stealth+).
Your rubbery body absorbs attacks. (AC +1, EV +1)
((You are camouflaged when in or above water. (Stealth+)))
You have tentacles for arms and can constrict up to eight enemies at once.
You are partially covered in iridescent scales. (AC +2)
You possess an exceptional clarity of mind.
You occasionally lose the ability to read scrolls when taking damage.


Message History

You swing at nothing.
You swing at nothing.
You swing at nothing.
The ice beast hits you. The ice beast freezes you.
You tentacle-slap the ice beast but do no damage.
The ice beast begins to glow.
You squeeze the ice beast.
The ice beast is lightly wounded.
The ice beast hits you. The ice beast freezes you!
You barely miss the ice beast. Your squeeze misses the ice beast.
The ice beast is lightly wounded.
The ice beast misses you.
You tentacle-slap the ice beast.
The ice beast glows dangerously bright.
The ice beast is lightly wounded.
The ice beast hits you.
* * * LOW HITPOINT WARNING * * *
The ice beast freezes you!
* * * LOW HITPOINT WARNING * * *
You tentacle-slap the ice beast.
The ice beast shudders as magic cascades through it!
The ice beast twists and deforms.
You squeeze the ice beast, but do no damage.
The ice beast is heavily wounded.
The ice beast hits you.
* * * LOW HITPOINT WARNING * * *
The ice beast freezes you!
* * * LOW HITPOINT WARNING * * *
Unknown command.
Unknown command.
Unknown command.
Unknown command.
Okay, then.
Okay, then.
It was a potion of mutation.
You feel extremely strange.
Your thoughts seem clearer.
You occasionally lose the ability to read scrolls when taking damage.
Iridescent scales grow over part of your body.
The ice beast barely misses you.
It was a potion of resistance.
You feel protected. The ice beast hits you.
You die... โ‰ˆโ‰ˆโ‰ˆ

..# .ยง. #.# ..
#.# ..... . #
.#.# .. #..
..###.###
#....##........
#.....p...#
#.####Y...#
.....# .#.#..#
..#....# .#
###.## .. . ..
#


You could see an ice beast (misshapen).

Vanquished Creatures
  Sigmund (D:3)
  An ogre (D:3)
  A scorpion (D:4)
  Dowan (D:4)
  A hound (D:4)
  An iguana (D:4)
  4 gnolls (D:3)
  4 adders
  A dart slug (D:2)
  A ribbon worm (D:2)
  7 orcs
  5 endoplasms
  A giant cockroach (D:2)
  6 goblins
  5 hobgoblins
  A jackal (D:4)
  2 quokkas
  5 ball pythons
  5 bats
  2 frilled lizards (D:3)
  9 kobolds
  5 rats
69 creatures vanquished.

Vanquished Creatures (collateral kills)
  A jackal (D:4)
1 creature vanquished.

Vanquished Creatures (others)
  Duvessa (D:4)
1 creature vanquished.

Grand Total: 71 creatures vanquished

Notes
Turn   | Place    | Note
-------+----------+-------------------------------------------
     0 | D:1      | Cheops the Octopode Shapeshifter began the quest for the
                  | Orb.
     0 | D:1      | Reached XP level 1. HP: 13/13 MP: 1/1
    81 | D:1      | Found Ugeoxe's Armour Boutique.
   147 | D:1      | Reached XP level 2. HP: 18/18 MP: 2/2
  1021 | D:2      | Found a faded altar of an unknown god.
  1027 | D:2      | Found Woemosopt's Book Boutique.
  1045 | D:2      | Found Kitiyfioz's Antique Weapon Emporium.
  1076 | D:2      | Reached XP level 3. HP: 19/23 MP: 3/3
  1091 | D:2      | Found Wock's Weapon Shop.
  1099 | D:2      | Reached skill level 4 in Shapeshifting
  1643 | D:2      | Found Ubasitup's Weapon Emporium.
  1743 | D:2      | Found a glowing golden altar of the Shining One.
  1798 | D:2      | Found Usin's Armour Emporium.
  2087 | D:3      | Identified the +6 whip of Accord {antimagic, rC- rCorr
                  | Dex+5 Stlth+}
  2103 | D:3      | Noticed Sigmund
  2321 | D:3      | Reached XP level 4. HP: 20/28 MP: 4/4
  2392 | D:3      | Reached skill level 5 in Shapeshifting
  3295 | D:3      | Noticed an ogre
  3351 | D:3      | Killed Sigmund
  3352 | D:3      | Reached skill level 6 in Shapeshifting
  3352 | D:3      | Reached XP level 5. HP: 6/33 MP: 5/5
  3352 | D:3      | Reached XP level 6. HP: 7/38 MP: 6/6
  3521 | D:4      | Noticed Dowan
  3523 | D:4      | Noticed Duvessa
  3545 | D:3      | Reached skill level 1 in Evocations
  3784 | D:4      | Found a staircase to the Ecumenical Temple.
  3795 | Temple   | Entered the Ecumenical Temple
  3888 | D:4      | Your ally Duvessa died
  3894 | D:4      | Killed Dowan
  3896 | D:4      | Reached XP level 7. HP: 29/43 MP: 7/7
  4025 | D:4      | Reached skill level 7 in Shapeshifting
  4346 | D:5      | Entered Level 5 of the Dungeon
  4355 | D:5      | HP: 1/43 [ice beast (8)]
  4356 | D:5      | Gained mutation: You possess an exceptional clarity of
                  | mind. [potion of mutation]
  4356 | D:5      | Gained mutation: You occasionally lose the ability to read
                  | scrolls when taking damage. [potion of mutation]
  4356 | D:5      | Gained mutation: You are partially covered in iridescent
                  | scales. (AC +2) [potion of mutation]
  4357 | D:5      | Slain by an ice beast

Illustrated notes

Levels and vault maps discovered:
D:1:      onia_arrival_mini_spirals, layout_loops_corners, serial_shops,
          nicolae_square_shop
D:2:      layout_basic, basic_altar, serial_shops, nicolae_shop_peninsula, shop,
          shop, shop, nicolae_shop_peninsula, ebering_ecumenical_altar_rust
D:3:      layout_basic, uniq_sigmund
D:4:      layout_basic, minmay_temple_entry_mini_moons, uniq_duvessa
D:5:      layout_basic, kennysheep_mini_moat, grunt_gozag_statues,
          kennysheep_slug_shrine, mainiacjoe_overflow_catch_the_wave,
          mainiacjoe_overflow_boulevard
Temple:   nicolae_temple_figure_eight

Skill      XL: |  1  2  3  4  5  6  7 |
---------------+----------------------+-----
Shapeshifting  | 4 6 7 |  7.0
Evocations     | 2 |  2.0
Fighting       | |  1.0
Dodging        | |  2.0
Unarmed Combat | |  3.7

Action                     |  1- 3 |  4- 6 |  7- 9 || total
---------------------------+-------+-------+-------++-------
  Melee: Unarmed           |    68 |    56 |    20 ||   144
         Tentacles         |    13 |    16 |     4 ||    33
         Constrict         |    19 |    16 |     4 ||    39
         Punch             |     2 |       |       ||     2
Ability: Begin Untransform |     2 |     2 |     1 ||     5
  Evoke: Wand              |       |     2 |     5 ||     7
    Use: Scroll            |     2 |     2 |       ||     4
         Potion            |       |       |     2 ||     2
   Stab: Sleeping          |     7 |     1 |       ||     8
 Armour: Skin              |    26 |    20 |     9 ||    55
  Dodge: Dodged            |    38 |    22 |    10 ||    70
   Form: Beast             |     2 |     2 |       ||     4
         Flux              |       |     3 |     1 ||     4
